 Dungeon Crawl Stone Soup version 0.31.0-2-g5a2aebc5c2 (webtiles) character file.

Game seed: 14904116794784583090

13 BeingJoeMalik the Caller (level 2, 0/19 HPs)
             Began as a Merfolk Summoner on Jan 20, 2024.
             Slain by a kobold
             ... wielding a +0 short sword
              (2 damage)
             ... on level 1 of the Dungeon.
             The game lasted 00:02:50 (418 turns).

BeingJoeMalik the Caller (Merfolk Summoner)          Turns: 418, Time: 00:02:50

Health: 0/19       AC:  2    Str:  8    XL:     2   Next: 37%
Magic:  2/5        EV: 12    Int: 14    God:
Gold:   0          SH:  0    Dex: 14    Spells: 2/5 levels left

rFire   . . .        (no weapon)
rCold   . . .        (no shield)
rNeg    . . .        a - +0 robe
rPois   .            (no helmet)
rElec   .            (no cloak)
rCorr   .            (no gloves)
SInv    .            (no boots)
Will    .....        (no amulet)
Stlth   ++           (no ring)
HPRegen 0.23/turn    (no ring)
MPRegen 0.09/turn

%: no passive effects
@: no status effects
A: (nimble swimmer 2), mertail
a: no special abilities


You were on level 1 of the Dungeon.
You visited 1 branch of the dungeon, and saw 1 of its levels.

Inventory:

Missiles
 c - 2 poisoned darts (quivered)
Armour
 a - a +0 robe (worn)
Potions
 b - a potion of magic
 d - a potion of might {unknown}


   Skills:
 - Level 2.6 Dodging
 - Level 2.1 Stealth
 - Level 2.0 Spellcasting
 + Level 4.6 Summonings


You had 2 spell levels left.
You knew the following spells:

 Your Spells              Type           Power      Damage    Failure   Level
a - Summon Small Mammal   Summ           56%        N/A       3%          1
b - Call Imp              Summ           28%        N/A       5%          2

Your spell library contained the following spells:

 Spells                   Type           Power      Damage    Failure   Level
 Call Canine Familiar     Summ           14%        N/A       11%         3
 Summon Blazeheart Golem  Fire/Summ      7%         N/A       67%         4
 Summon Lightning Spire   Summ/Air       7%         N/A       67%         4


Dungeon Overview and Level Annotations

Branches:
Dungeon (1/15)

Altars:


Innate Abilities, Weirdness & Mutations

((You are very nimble when in or above water. (Stealth+, EV+, Speed+++)))
Your lower body shifts to a powerful aquatic tail in water.


Message History

Your bat hits the kobold but does no damage.
The endoplasm completely misses your bat.
Your bat hits the endoplasm but does no damage.
The kobold hits your bat with a +0 short sword.
The endoplasm closely misses your bat.
Your bat barely misses the kobold.
Your bat closely misses the kobold.
Your bat hits the kobold but does no damage.
The endoplasm freezes your bat.
Your bat is frozen.
Your bat dies!
Your bat's corpse disappears in a puff of smoke!
The endoplasm quivers.
Casting: Summon Small Mammal (safe; 3% risk of failure)
Confirm with . or Enter, or press ? or * to list all spells.
Your bat hits the kobold but does no damage.
The kobold hits you but does no damage. The endoplasm closely misses you.
Unknown command.
Casting: Summon Small Mammal (safe; 3% risk of failure)
Confirm with . or Enter, or press ? or * to list all spells.
A tiny devil pulls itself out of the air.
The endoplasm freezes you.
You are frozen.
The endoplasm freezes you.
You are frozen.
You barely miss the kobold.
Your bat hits the endoplasm but does no damage.
The endoplasm hits you but does no damage.
The kobold hits you with a +0 short sword.
The endoplasm hits you.
Your cerulean imp hits the endoplasm with a -3 spear.
The endoplasm dies!
The kobold hits you with a +0 short sword.
You hit the kobold.
The kobold is heavily wounded.
Your bat misses the kobold.
The kobold hits you with a +0 short sword.
* * * LOW HITPOINT WARNING * * *
The endoplasm completely misses you.
The kobold hits you with a +0 short sword.
You die...

...##..........#
...##..........#
...##..........#
...##..........#
#.
.####......#...#
... .#
########.###
.#.. .# #.#
######....# .#
#.###KJ.....>.#
##
#...r@K..["...#
#####5.b......#
#.........#
#..........
######.....
..... ?... ....


You could see an endoplasm, 2 kobolds, a friendly cerulean imp (summoned), a
friendly bat (summoned) and a friendly rat (summoned).

Vanquished Creatures
  2 kobolds (D:1)
2 creatures vanquished.

Vanquished Creatures (collateral kills)
  4 endoplasms (D:1)
  A goblin (D:1)
  4 ball pythons (D:1)
  A kobold (D:1)
10 creatures vanquished.

Grand Total: 12 creatures vanquished

Notes
Turn   | Place    | Note
-------+----------+-------------------------------------------
     0 | D:1      | BeingJoeMalik the Merfolk Summoner began the quest for the
                  | Orb.
     0 | D:1      | Reached XP level 1. HP: 13/13 MP: 3/3
   234 | D:1      | Reached XP level 2. HP: 19/19 MP: 1/5
   237 | D:1      | Learned a level 2 spell: Call Imp
   418 | D:1      | Slain by a kobold

Illustrated notes

Levels and vault maps discovered:
D:1:      ncdulo_lavacross, layout_basic, serial_shops,
          nicolae_shop_bloodbath_and_beyond

Action                     || total
---------------------------++-------
  Melee: Unarmed           ||    18
  Throw: Dart              ||     2
   Cast: Summon Small Mamm ||    19
         Call Imp          ||     1
 Armour: Robe              ||    13
  Dodge: Dodged            ||    15
